 Dungeon Crawl Stone Soup version 0.31-a0-1009-g454b1f1e0a (webtiles) character file.

Game seed: 4462160753160403818

1055 senseless the Ducker (level 8, -1/36 HPs)
             Began as a Felid Shapeshifter on Nov 13, 2023.
             Engulfed by a steam dragon's steam (3 damage)
             ... on level 6 of the Dungeon.
             The game lasted 00:11:35 (4434 turns).

senseless the Ducker (Felid Shapeshifter)           Turns: 4434, Time: 00:11:36

Health: -1/36      AC:  2    Str: 10    XL:     8   Next: 5%
Magic:  9/9        EV: 21    Int: 11    God:
Gold:   427        SH:  5    Dex: 18    Spells: 7/7 levels left
                                        Lives:  0   Deaths: 3

rFire   . .          .
                       - Unarmed
rCold   . . .        (shield unavailable)
rNeg    . . .        (body armour unavailable)
rPois   .            (helmet unavailable)
rElec   .            (cloak unavailable)
rCorr   +            (gloves unavailable)
SInv    +            (boots unavailable)
Will    +....        j - amulet of reflection
Stlth   ++           n - ring of resist corrosion
HPRegen 0.26/turn    t - ring of flight
MPRegen 0.11/turn

%: reflection
@: beast-form, flying, quick
A: beast (slay +3), very small, claws 1, fangs 3, see invisible, speed 1, shaggy
fur 2, stealthy paws, no weapons or thrown items, no armour, multi-lived
a: Begin Untransformation


You were on level 6 of the Dungeon.
You were a hulking beast.
You visited 1 branch of the dungeon, and saw 6 of its levels.

You collected 427 gold pieces.

Inventory:

Jewellery
 h - an amulet of guardian spirit
 j - an amulet of reflection (around neck)
 n - a ring of resist corrosion (left paw)
 t - a ring of flight (right paw)
Talismans
 b - a beast talisman
 c - a flux talisman
Wands
 s - a wand of flame (101) (quivered)
Scrolls
 e - a scroll of brand weapon {unknown}
 i - a scroll of teleportation
 k - a scroll of amnesia
 l - a scroll of blinking
 m - 4 scrolls of fog
 o - a scroll of poison {unknown}
Potions
 a - 3 potions of lignification
 d - 4 potions of brilliance
 f - 5 potions of curing
 g - a potion of heal wounds {unknown}
 p - a potion of haste {unknown}
 u - a potion of mutation {unknown}
 w - 2 potions of invisibility {unknown}
 x - 2 potions of berserk rage {unknown}


   Skills:
 + Level 4.6 Fighting
 + Level 6.6 Dodging
 + Level 5.5 Unarmed Combat
 + Level 5.7 Shapeshifting


You had 7 spell levels left.
You didn't know any spells.
Your spell library contained the following spells:

 Spells                   Type           Power      Damage    Failure   Level
 Animate Dead             Necr           0%         N/A       98%         4
 Passage of Golubria      Tloc           0%         N/A       98%         4
 Silence                  Hex/Air        0%         N/A       100%        5
 Haunt                    Necr/Summ      0%         N/A       100%        7
 Infestation              Necr           0%         N/A       100%        8
 Lehudib's Crystal Spear  Conj/Erth      0%         10d2      100%        8


Dungeon Overview and Level Annotations

Branches:
Dungeon (6/15)
 Temple: D:4-7

Altars:
Fedhas
Hepliaklqana
Qazlal
Sif Muna
Trog

Annotations:
D:3 2 transporters, JaaP's ghost, amateur GrFE


Innate Abilities, Weirdness & Mutations

You are a hulking beast.
Your limbs bulge with bestial killing power. (Slay +3)
You have sharp claws.
You have razor-sharp teeth.
You have supernaturally acute eyesight. (SInv)
You cover ground quickly. (Speed+)
You are covered in thick fur. (AC +2)
Your paws help you pounce on unaware monsters.
You are incapable of wielding weapons or throwing items.
You cannot wear armour.
You gain extra lives every three experience levels.


Message History

The steam dragon is lightly wounded.
You are engulfed in a cloud of scalding steam.
You are too injured to fight recklessly!
You are too injured to fight recklessly!
You are too injured to fight recklessly!
You are too injured to fight recklessly!
You are too injured to fight recklessly!
You are too injured to fight recklessly!
You are too injured to fight recklessly!
You are too injured to fight recklessly!
You are too injured to fight recklessly!
You are too injured to fight recklessly!
You are too injured to fight recklessly!
You are too injured to fight recklessly!
You are too injured to fight recklessly!
You are too injured to fight recklessly!
You are too injured to fight recklessly!
You are too injured to fight recklessly!
You are too injured to fight recklessly!
You are too injured to fight recklessly!
You are too injured to fight recklessly!
You scratch the steam dragon.
The steam dragon is moderately wounded.
The steam dragon misses you. You block the steam dragon's attack.
You closely miss the steam dragon.
The steam dragon is moderately wounded.
The steam dragon bites you!
* * * LOW HITPOINT WARNING * * *
You block the steam dragon's attack. The steam dragon breathes steam at you.
The ball of steam misses you.
You claw the steam dragon!
The steam dragon is heavily wounded.
You are engulfed in a cloud of scalding steam.
* * * LOW HITPOINT WARNING * * *
The steam dragon closely misses you. x2
You claw the steam dragon!
The steam dragon is almost dead.
You are engulfed in a cloud of scalding steam.
You die...

#### ####~~~
##~~~..
#≈≈...#
#~.§D§#
#)§D§§#
#§h§# ##.##
#.#######
#§§.#
#.......#
#.§##
########.#
#§##
......<..#
###.#######
####.##..#
#..........
#.....#
#.#########
####.#####?#


You could see 2 steam dragons.

Vanquished Creatures
  Pikel (D:5)
  An ogre (D:4)
  4 lemures (D:5)
  A phantom (D:3)
  A bullfrog (D:5)
  A scorpion (D:4)
  3 hounds
  An orc priest (D:4)
  Robin (D:4)
  7 adders
  A shadow imp (D:5)
  3 worms
  A dart slug (D:2)
  5 orcs (D:4)
  7 endoplasms
  A giant cockroach (D:2)
  25 goblins
  14 hobgoblins
  2 quokkas
  8 ball pythons
  7 bats
  2 frilled lizards (D:1)
  10 kobolds
  3 rats
110 creatures vanquished.

Notes
Turn   | Place    | Note
-------+----------+-------------------------------------------
     0 | D:1      | senseless the Felid Shapeshifter began the quest for the
                  | Orb.
     0 | D:1      | Reached XP level 1. HP: 9/9 MP: 2/2
   181 | D:1      | Reached skill level 3 in Dodging
   207 | D:1      | Reached XP level 2. HP: 12/12 MP: 3/3
   756 | D:1      | Reached XP level 3. HP: 15/15 MP: 4/4
  1299 | D:2      | Found a blossoming altar of Fedhas.
  1562 | D:2      | Reached XP level 4. HP: 19/19 MP: 5/5
  2063 | D:3      | Identified the +7 halberd of the Land of Plenty {elec,
                  | rPois MP+9 Int-4 Stlth+}
  2072 | D:3      | Noticed JaaP's ghost (amateur GrFE)
  2301 | D:3      | Found a transporter.
  2307 | D:3      | Found a transporter.
  2412 | D:3      | Noticed a phantom
  2419 | D:3      | Killed a phantom
  2420 | D:3      | Reached skill level 4 in Dodging
  2420 | D:3      | Reached XP level 5. HP: 23/23 MP: 6/6
  2511 | D:3      | Found the +7 great mace "Undeadhunter" {deathbane, rN+}
  2735 | D:4      | Noticed an ogre
  2740 | D:4      | Killed an ogre
  2741 | D:4      | Gained mutation: You are covered in thick fur. (AC +2)
                  | [Felid growth]
  2741 | D:4      | Reached XP level 6. HP: 28/28 MP: 7/7
  2778 | D:4      | Slain by a scorpion
  2841 | D:4      | Reached skill level 5 in Dodging
  2929 | D:4      | Noticed an air elemental
  2929 | D:4      | Noticed Robin
  2931 | D:4      | Found a stormy altar of Qazlal.
  2947 | D:3      | HP: 1/28 [goblin/+0 club[Robin] (1)]
  3140 | D:4      | Killed Robin
  3146 | D:4      | Noticed a fire elemental
  3146 | D:4      | Noticed a water elemental
  3425 | D:5      | Entered Level 5 of the Dungeon
  3513 | D:5      | Noticed Pikel
  3540 | D:5      | Reached skill level 5 in Shapeshifting
  3540 | D:5      | Reached XP level 7. HP: 15/31 MP: 8/8
  3753 | D:5      | Found a bloodstained altar of Trog.
  3757 | D:5      | Found a shimmering blue altar of Sif Muna.
  4059 | D:5      | Slain by Pikel
  4078 | D:5      | Slain by Pikel
  4097 | D:5      | Killed Pikel
  4098 | D:5      | Reached skill level 6 in Dodging
  4098 | D:5      | Reached skill level 5 in Unarmed Combat
  4098 | D:5      | Reached XP level 8. HP: 3/36 MP: 9/9
  4331 | D:5      | Found a hazy altar of Hepliaklqana.
  4434 | D:6      | Engulfed by a steam dragon's steam

Illustrated notes

Levels and vault maps discovered:
D:1:      dpeg_chamrin_arrival_tetris, layout_loops_corners,
          serial_park_tiny_pond, minmay_misc_feat_four_crosses
D:2:      layout_loops_ring, basic_altar, minmay_tripent
D:3:      minmay_general_purpose_star, layout_basic,
          gammafunk_ghost_gnarly_gnolls
D:4:      layout_rooms, nicolae_qazlal_style_of_elements, minmay_fountain_box,
          uniq_robin
D:5:      layout_rooms, hellmonk_overflow_destroyed_library,
          kennysheep_little_box, minmay_fractal_squares_gapless_5, uniq_pikel
D:6:      cheibrodos_steamvent, layout_basic, minitemple,
          minmay_temple_entry_large_hall, serial_shops, shop

Skill      XL: |  1  2  3  4  5  6  7 |
---------------+----------------------+-----
Dodging        | 3 4 5 6 |  6.6
Fighting       | 2 3 4 |  4.6
Shapeshifting  | 4 5 |  5.7
Unarmed Combat | 4 5 |  5.5

Action                     |  1- 3 |  4- 6 |  7- 9 || total
---------------------------+-------+-------+-------++-------
  Melee: Unarmed           |   116 |   120 |    73 ||   309
         Bite              |    13 |    14 |     7 ||    34
         Punch             |       |     2 |     1 ||     3
  Evoke: Wand              |       |     7 |     1 ||     8
    Use: Scroll            |       |     9 |       ||     9
   Stab: Sleeping          |     1 |     1 |       ||     2
         Distracted        |       |     1 |       ||     1
 Armour: Skin              |    18 |    42 |    34 ||    94
  Dodge: Dodged            |    69 |    78 |    50 ||   197
  Block: Other             |     9 |    29 |    12 ||    50
         Reflection        |       |     1 |       ||     1

Table legend: (Time is in decaauts)
 A = Elapsed time spent in this place.
 B = Non-inter-level travel time spent in this place.
 C = Inter-level travel time spent in this place.
 D = Time resting spent in this place.
 E = Time spent auto-exploring this place.
 F = Levels seen in this place.
 G = Mean time per level.
                   A        B        C        D        E       F      G
               +--------+--------+--------+--------+--------+-----+--------+
         Total |   3796 |   3658 |    138 |    330 |   2593 |   6 |  632.7 |
       Dungeon |   3796 |   3658 |    138 |    330 |   2593 |   6 |  632.7 |
               +--------+--------+--------+--------+--------+-----+--------+

Top non-repeatable levels by time:
     D:3: 967 daAuts
     D:5: 879 daAuts
     D:1: 849 daAuts
     D:2: 631 daAuts
     D:4: 442 daAuts
     D:6: 26 daAuts
